 Dungeon Crawl Stone Soup version 0.19-a0-1613-g7c9bbd0 (webtiles) character file.

9427 yesno the Quickloader (level 11, -8/73 HPs)
             Began as a Kobold Hunter on Sept 16, 2016.
             Was an Elder of Dithmenos.
             Mangled by a catoblepas (15 damage)
             ... on level 12 of the Dungeon on Sept 17, 2016.
             The game lasted 01:37:01 (13594 turns).

yesno the Quickloader (Kobold Hunter)              Turns: 13594, Time: 01:37:02

Health: -8/73      AC:  9    Str:  9    XL:     11   Next: 74%
Magic:  14/14      EV:  3    Int: 12    God:    Dithmenos [****..]
Gold:   180        SH:  0    Dex: 23    Spells: 0 memorised, 10 levels left

rFire  . . .     SeeInvis .     b - +2 arbalest
rCold  . . .     Gourm    .     c - +0 leather armour
rNeg   + + +     Faith    .     (shield currently unavailable)
rPois  ∞         Spirit   .     t - +1 helmet
rElec  .         Dismiss  .     q - +0 cloak
rCorr  .         Reflect  .     v - +0 pair of gloves
MR     .....     Harm     .     g - +1 pair of boots {run}
Stlth  +++++++++.               (no amulet)
                                z - ring of stealth
                                m - ring of Alaho {+Blink Dex+3 Slay+2}

@: petrified, very slightly contaminated, wreathed by umbra, invisible, quick
A: carnivore 3, robust 1
a: Shadow Step, Renounce Religion, Evoke Blink


You were on level 12 of the Dungeon.
You worshipped Dithmenos.
Dithmenos was greatly pleased with you.
You were not hungry.

You visited 3 branches of the dungeon, and saw 17 of its levels.

You collected 713 gold pieces.
You spent 533 gold pieces at shops.

Inventory:

Hand Weapons
 a - a +1 short sword
 b - a +2 arbalest (weapon)
 w - a +0 blowgun
 O - a +1 hand crossbow
Missiles
 d - 22 bolts (quivered)
 j - 92 poisoned needles
Armour
 c - a +0 leather armour (worn)
 g - a +1 pair of boots of running (worn)
 p - a cursed +0 robe
 q - a +0 cloak (worn)
 t - a +1 helmet (worn)
 v - a +0 pair of gloves (worn)
 H - the +2 pair of gloves of Sukorahum {+Fly rF- rC+ rN+++, unknown}
   (You found it on level 11 of the Dungeon)

   It makes you vulnerable to fire.
   It protects you from cold.
   It renders you almost immune to negative energy.
   It lets you fly.
Jewellery
 m - the ring of Alaho (left hand) {+Blink Dex+3 Slay+2}
   (You bought it in a shop on level 7 of the Dungeon)

   [ring of dexterity]

   It affects your dexterity (+3).
   It affects your accuracy and damage with ranged weapons and melee attacks
   (+2).
   It lets you blink.
 r - an uncursed ring of protection from fire
 z - a ring of stealth (right hand)
 J - an uncursed ring of fire
Wands
 i - a wand of lightning (5/15)
 k - a wand of paralysis (5/24)
 y - a wand of enslavement (0/24)
 B - a wand of lightning (0/15)
 D - a wand of disintegration (0/24)
 P - a wand of paralysis (14/24)
Scrolls
 E - 2 scrolls of remove curse
 I - a scroll of vulnerability {unknown}
 M - a scroll of acquirement {unknown}
Potions
 e - 4 potions of flight
 h - a potion of invisibility
 l - 2 potions of curing
 s - 3 potions of heal wounds
 x - 2 potions of degeneration {unknown}
 F - a potion of cancellation {unknown}
 G - a potion of resistance {unknown}
 K - a potion of agility {unknown}
 N - a potion of cure mutation {unknown}
Books
 A - a book of Death

   Spells                             Type                      Level
   a - Corpse Rot                     Necromancy                   2
   b - Sublimation of Blood           Necromancy                   2
   c - Agony                          Necromancy                   5
   d - Dispel Undead                  Necromancy                   5
   e - Excruciating Wounds            Charms/Necromancy            5
   f - Bolt of Draining               Conjuration/Necromancy       5
Comestibles
 f - 2 meat rations
 n - 2 beef jerkies
 o - 11 royal jellies
 C - a slice of pizza


   Skills:
 - Level 7.0 Fighting
 - Level 6.1 Short Blades
 * Level 12.0 Crossbows
 - Level 4.7 Throwing
 * Level 10.9 Dodging
 + Level 9.3 Stealth
 + Level 5.2 Evocations


You had 10 spell levels left.
You didn't know any spells.

Dungeon Overview and Level Annotations

Branches:
Dungeon (13/15)            Temple (1/1) D:6            Lair (3/6) D:10
  Swamp (0/4) Lair:3
  Snake: Lair:2-4    Spider: Lair:2-4       Orc: D:9-12      Vaults: D:13-14

Altars:
Ashenzari
Cheibriados
Dithmenos
Elyvilon
Fedhas
Gozag
Hepliaklqana
Kikubaaqudgha
Makhleb
Nemelex Xobeh
Okawaru
Qazlal
Ru
Sif Muna
Trog
Uskayaw
Vehumet
Xom
Yredelemnul
Zin
The Shining One

Shops:
D:7 }:=}

Annotations:
D:2 exclusions: 3 adders, 2 gnolls, goblin and kobold
D:3 exclusion: gnoll
D:4 Grinder, Sigmund
D:5 exclusion: jelly, Rexfelis's ghost, novice MfAs
D:8 exclusion: orc warrior
D:9 oldriver's ghost, journeyman GrFi
D:11 exclusion: cyclops, Fannar
D:12 exclusions: cyclops, hill giant, slime creature and yak
Lair:1 exclusion: 2 spiny frogs


Innate Abilities, Weirdness & Mutations

You are small and have problems with some larger weapons.
You are carnivorous and can eat meat at any time.
You are robust. (+10% HP)


Message History

You fade into invisibility!
Your limbs have turned to stone.
The hill giant hits you with a giant club!
The catoblepas breathes a plume of calcifying dust at you.
The blast of calcifying dust hits you!
You are very lightly contaminated with residual magic.
You have turned to stone.
The hill giant hits you with a giant club!!
The catoblepas gores you!! The catoblepas gores you!!
* * * LOW HITPOINT WARNING * * *
The hill giant hits you with a giant club!
* * * LOW HITPOINT WARNING * * *
The catoblepas gores you!
* * * LOW HITPOINT WARNING * * *
The hill giant hits you with a giant club.
* * * LOW HITPOINT WARNING * * *
The catoblepas gores you but does no damage.
The hill giant completely misses you. The catoblepas gores you!!
You die...

#.....#..########'###'###+#####
#...(.#..#####.................
#.##..#...#..#..#..............
#.##..#...#..#..#..............
#.....######'#.................
#..............###+############
#..####....###O#....
#..####....###C#.....
#............Y@#+####.
#..................# ..
#.....##...........+ .Y
#.##..##...........# ..
#..................# #########
#.........########## #.......#
#......#..#...# #.......#
#.##...#.§#...# #.#####.#
#.##...#..Y...# #.#####.#


You could see a catoblepas, a hill giant and an ogre.

Vanquished Creatures
  A hill giant (D:10)
  2 black mambas (Lair:1)
  2 spiny frogs (Lair:1)
  A rime drake (Lair:2)
  A komodo dragon (Lair:1)
  A troll (D:12)
  2 slime creatures (D:12)
  2 hippogriffs (Lair:1)
  A meliai zombie (D:12)
  4 yaks
  A wraith (D:10)
  A hungry ghost (D:8)
  Menkaure (D:6)
  2 hell hounds (D:10)
  A porcupine (Lair:1)
  3 water moccasins
  An orc warrior (D:7)
  3 sky beasts
  A phantom (D:10)
  An ice beast (D:12)
  A wasp (D:10)
  An eye of draining (D:8)
  5 wolves (Lair:2)
  2 ogres
  5 centaurs
  6 crocodiles
  Blork the orc (D:5)
  2 big kobolds
  7 bullfrogs
  A wyvern zombie (D:8)
  5 scorpions
  A wyvern skeleton (D:8)
  3 crimson imps
  A quasit (D:12)
  A centaur zombie (D:10)
  3 hounds
  3 jellies (D:8)
  5 orc priests
  A bullfrog skeleton (D:10)
  9 orc wizards
  2 centaur skeletons (D:11)
  4 iguanas
  4 worker ants
  A hound skeleton (D:4)
  A worker ant zombie (D:10)
  4 gnolls (D:3)
  11 adders
  5 river rats (Lair:1)
  A shadow imp (D:6)
  6 oozes
  2 adder skeletons
  2 worms
  5 leopard geckos
  35 orcs
  3 bats
  5 giant cockroaches
  4 hobgoblins (D:2)
  6 jackals
  32 kobolds
  2 quokkas
  4 frilled lizards
  6 goblins
  9 rats
249 creatures vanquished.

Vanquished Creatures (others)
  A fungus (Lair:1)
1 creature vanquished.

Grand Total: 250 creatures vanquished

Notes
Turn   | Place    | Note
-------+----------+-------------------------------------------
     0 | D:1      | yesno the Kobold Hunter began the quest for the Orb.
     0 | D:1      | Reached XP level 1. HP: 12/12 MP: 1/1
   120 | D:1      | Reached XP level 2. HP: 16/18 MP: 2/2
   379 | D:1      | Reached skill level 5 in Crossbows
   475 | D:1      | You fall through a shaft!
   711 | D:2      | Reached XP level 3. HP: 19/22 MP: 3/3
  1541 | D:2      | Reached XP level 4. HP: 27/27 MP: 4/4
  1896 | D:3      | Reached skill level 1 in Short Blades
  2002 | D:3      | Reached XP level 5. HP: 25/32 MP: 5/5
  3144 | D:4      | Reached skill level 6 in Crossbows
  3144 | D:4      | Reached skill level 1 in Throwing
  3144 | D:4      | Reached XP level 6. HP: 15/37 MP: 6/6
  3508 | D:4      | Identified a +0 pair of boots of running (You found it on level 4 of the Dungeon)
  3639 | D:4      | Reached XP level 7. HP: 34/42 MP: 7/7
  3746 | D:4      | Noticed Sigmund
  3808 | D:4      | Noticed Grinder
  3893 | D:5      | Entered Level 5 of the Dungeon
  4105 | D:5      | Noticed Blork the orc
  4119 | D:5      | Killed Blork the orc
  4229 | D:5      | Noticed Rexfelis's ghost (novice MfAs)
  4371 | D:6      | Reached skill level 5 in Dodging
  4381 | D:6      | Found a staircase to the Ecumenical Temple.
  4390 | Temple   | Entered the Ecumenical Temple
  4578 | Temple   | Became a worshipper of Dithmenos the Shadowed
  4685 | D:6      | Noticed Menkaure
  4778 | D:6      | Reached skill level 7 in Crossbows
  4921 | D:6      | Reached * piety under Dithmenos
  4995 | D:6      | Reached XP level 8. HP: 36/48 MP: 8/8
  5344 | D:6      | Killed Menkaure
  5936 | D:7      | Found Feloesmi's Jewellery Shoppe.
  5940 | D:7      | Found Ocuagap's Book Boutique.
  6160 | D:7      | Reached skill level 5 in Fighting
  6160 | D:7      | Reached skill level 5 in Stealth
  6248 | D:7      | Found Xuasted's Gadget Boutique.
  6270 | D:7      | Reached ** piety under Dithmenos
  6337 | D:7      | Reached XP level 9. HP: 35/54 MP: 9/9
  6658 | D:7      | Reached skill level 8 in Crossbows
  6861 | D:7      | Found Commyor's Gadget Boutique.
  7769 | D:8      | Noticed a two-headed ogre
  7812 | D:9      | Noticed a manticore
  7816 | D:9      | Noticed oldriver's ghost (journeyman GrFi)
  7842 | D:10     | Entered Level 10 of the Dungeon
  7971 | D:10     | Noticed a hill giant
  8034 | D:10     | Reached *** piety under Dithmenos
  8093 | D:10     | Found a staircase to the Lair.
  8157 | D:10     | Reached skill level 5 in Short Blades
  8157 | D:10     | Reached skill level 9 in Crossbows
  8345 | D:10     | Reached XP level 10. HP: 48/61 MP: 10/10
  8418 | Lair:1   | Entered Level 1 of the Lair of Beasts
  8475 | Lair:1   | Noticed a spiny frog
  8619 | Lair:1   | Noticed a spiny frog
  8693 | Lair:1   | Noticed a spiny frog
  8715 | Lair:1   | Noticed a black mamba
  9073 | Lair:1   | Noticed a komodo dragon
  9125 | Lair:1   | Killed a komodo dragon
  9125 | Lair:1   | Reached skill level 1 in Evocations
  9331 | Lair:1   | Killed a spiny frog
  9340 | Lair:1   | Noticed a black mamba
  9346 | Lair:2   | Noticed a rime drake
  9352 | Lair:2   | Killed a rime drake
  9352 | Lair:2   | Reached skill level 10 in Crossbows
  9366 | Lair:2   | Upgraded the game from 0.19-a0-1589-ge51c82a to 0.19-a0-1613-g7c9bbd0
 10227 | Lair:3   | Noticed a death yak
 10589 | D:11     | Gained mutation: You are robust. (+10% HP) [mutagenic meat]
 10746 | D:11     | Noticed a cyclops
 10780 | D:11     | Noticed Fannar
 10795 | D:11     | Got a pair of faintly humming gloves
 10889 | D:12     | Noticed a hill giant
 10951 | D:12     | Reached XP level 11. HP: 70/73 MP: 13/13
 11126 | D:12     | Noticed a cyclops
 11151 | D:12     | Reached skill level 11 in Crossbows
 11185 | D:12     | Noticed a catoblepas
 11476 | D:11     | Reached **** piety under Dithmenos
 11694 | D:10     | Killed a hill giant
 11694 | D:10     | Reached skill level 10 in Dodging
 12561 | Lair:3   | Found a staircase to the Swamp.
 12561 | Lair:3   | Noticed a death yak
 12606 | Lair:3   | Noticed a death yak
 12606 | Lair:3   | Noticed a death yak
 12787 | D:7      | Bought the ring of Alaho {+Blink Dex+3 Slay+2} for 533 gold pieces
 12841 | D:9      | Reached skill level 5 in Evocations
 12843 | D:9      | Noticed a seven-headed hydra
 13425 | D:12     | Reached skill level 12 in Crossbows
 13594 | D:12     | Mangled by a catoblepas

Vault maps used:
D:1:      scummos_arrival_gate, minmay_distorted
D:2:      ecumenical_altar_1, first_bread
D:4:      uniq_grinder, uniq_sigmund
D:5:      uniq_blork_the_orc
D:6:      kennysheep_kobold_camp, uniq_menkaure, uniq_prince_ribbit1
D:7:      serial_shops, shop, shop_fountains, shop, shop
D:8:      hangedman_little_slice_of_home, minmay_misc_feat_nine_boxes
D:9:      grunt_tough_drop
D:10:     minmay_lair_entry_lava
D:11:     orc_0_dummy, enter_trove_5, uniq_fannar
D:12:     spider_trap
D:13:     nicolae_sextant
Temple:   minmay_crystal_snake_temple
Lair:1:   minivault_27, st_stairs_6, grunt_megastairs_2, serial_bayou_shore_a
Lair:3:   minmay_swamp_entry_reptiles, minivault_29, serial_bayou_shore_b

Skill      XL: |  1  2  3  4  5  6  7  8  9 10 11 |
---------------+----------------------------------+-----
Crossbows      | 5 6 7 9 10 12 | 12.0
Stealth        | 2 3 4 5 6 8 9 |  9.3
Dodging        | 3 4 5 6 7 9 10 | 10.9
Short Blades   | 1 2 3 4 5 6 |  6.1
Fighting       | 3 4 5 6 7 |  7.0
Throwing       | 1 2 3 4 |  4.7
Evocations     | 3 5 |  5.2

Action                   |  1- 3 |  4- 6 |  7- 9 | 10-12 || total
-------------------------+-------+-------+-------+-------++-------
Melee: Short sword       |    52 |    92 |   397 |   325 ||   866
 Fire: Hand crossbow     |    19 |    77 |   220 |     8 ||   324
       Blowgun           |       |       |     8 |   109 ||   117
       Arbalest          |       |       |       |    78 ||    78
 Abil: Evoke Blink       |       |       |       |     4 ||     4
Evoke: Wand              |       |       |    20 |    17 ||    37
  Use: Potion            |       |     3 |     5 |     2 ||    10
       Scroll            |       |     5 |     7 |    17 ||    29
 Stab: Sleeping          |     4 |     3 |    11 |     8 ||    26
       Paralysed         |       |       |     5 |     3 ||     8
  Eat: Chunk             |     4 |     5 |    15 |    15 ||    39
       Meat ration       |       |       |       |     1 ||     1
Armor: Leather armour    |     6 |    24 |    78 |    49 ||   157
Dodge: Dodged            |    34 |    83 |   407 |   410 ||   934
